AoeStats
← Obelix

Arena

507711537Analyzed
1v1 RM · 14d ago on Sep 19, 2026· 39m 13s· 2 players
Game mode
Random Map
Map size
Tiny (2 player)
Population
200
Speed
Normal
Resources
Standard
Victory
Conquest
Starting age
Dark Age
Ending age
Imperial Age
RankedLock teamsTeams togetherTeam positionsShared explorationLock speedFull tech treeHidden civsTurbo modeCheats
Victory
Defeat
🇳🇴 Franks · Norway
798
+16
🇦🇺 Teutons · Australia
791
-40
Obelix
3:23 Loom
10:55 Feudal Age
10:58 Man-at-Arms
15:31 Forging
16:12 Fletching
17:57 Double-Bit Axe
17:55 Horse Collar
21:54 Padded Archer Armor
26:03 Castle Age
26:48 Bloodlines
31:04 Scale Barding Armor
34:45 Scale Mail Armor
The_Snowflake
7:03 Loom
10:04 Feudal Age
20:24 Castle Age
17:55 Man-at-Arms
19:43 Scale Mail Armor
22:44 Double-Bit Axe
24:21 Fletching
24:53 Chain Mail Armor
26:02 Long Swordsman
29:20 Fletching
30:57 Forging
30:19 Crossbowman
Connection lost

Rejoining the realm…

Still unreachable

The connection could not be restored.

Session expired

The server has moved on; the page needs a fresh start.